 Dungeon Crawl Stone Soup version 0.31-a0-246-g8cbcc1c (webtiles) character file.

Game seed: 7266753580850353514

54233 Dawnplanks the Brawler (level 14, -6/148 HPs)
             Began as a Troll Shapeshifter on July 12, 2023.
             Was a High Priest of Elyvilon.
             Mangled by a spriggan rider
             ... wielding a +0 spear
              (12 damage)
             ... on level 5 of the Lair of Beasts.
             The game lasted 00:49:44 (12627 turns).

Dawnplanks the Brawler (Troll Shapeshifter)        Turns: 12627, Time: 00:49:44

Health: -6/148     AC: 10    Str: 35    XL:     14   Next: 33%
Magic:  18/18      EV: 21    Int:  4    God:    Elyvilon [*****.]
Gold:   1344       SH:  5    Dex:  6    Spells: 13/13 levels left

rFire   . .          .
                       - Unarmed
rCold   . . .        U - melded +0 kite shield
rNeg    + . .        Q - melded +0 acid dragon scales
rPois   .            (helmet currently unavailable)
rElec   .            B - melded +0 cloak
rCorr   .            (gloves unavailable)
SInv    .            (boots unavailable)
Will    +....        I - amulet "Jonen" {Reflect +Inv rN+ Dex-4 SH+5}
Stlth   +            T - +5 ring of evasion
HPRegen 1.24/turn    p - +5 ring of evasion
MPRegen 0.16/turn

%: reflection
@: snake-form
A: constrict, amphibious, boosted hp, large, unfitting armour, (claws 3),
regeneration 1, (shaggy fur 1), (tough skin 1)
a: Renounce Religion, Evoke Invisibility, Purification, Heal Other, Heal Self,
Divine Vigour


You were on level 5 of the Lair of Beasts.
You worshipped Elyvilon.
Elyvilon was extremely pleased with you.
You were an enormous anaconda.
You visited 3 branches of the dungeon, and saw 16 of its levels.
You also visited: Sewer and Gauntlet.

You collected 1905 gold pieces.
You spent 561 gold pieces at shops.

Inventory:

Hand Weapons
 K - a +5 heavy spear
 M - the +7 great mace "Firestarter" {flame, immolate, rFlCloud rF++}
   (You found it in a Gauntlet)

   rFlCloud:  It grants immunity to clouds of flame.
   rF:        It greatly protects you from fire.
Missiles
 J - 6 silver javelins (quivered)
 S - 4 boomerangs
Armour
 x - a +2 robe of willpower
 B - a +0 cloak (melded)
 H - the +1 cloak of Ashenzari {rElec SInv}
   (You found it in a Gauntlet)

   rElec:     It insulates you from electricity.
   SInv:      It lets you see invisible.
 N - the +3 warlock's mirror {omnireflect}
   (You took it off a minotaur in a Gauntlet)

   Omnireflect: It can block and reflect piercing ranged attacks and magical
   attacks against the wielder's willpower.
 Q - +0 acid dragon scales (melded)
 U - a +0 kite shield (melded)
Jewellery
 p - a +5 ring of evasion (right hand)
 C - a ring of poison resistance
 I - the amulet "Jonen" (around neck) {Reflect +Inv rN+ Dex-4 SH+5}
   (You found it in a Gauntlet)

   [amulet of reflection]

   It reflects blocked missile attacks.
   Dex:       It affects your dexterity (-4).
   rN:        It protects you from negative energy.
   +Inv:      It lets you turn invisible.
   SH:        It affects your SH (+5).
 L - a ring of protection from cold
 T - a +5 ring of evasion (left hand)
Talismans
 c - a beast talisman
 o - a serpent talisman
 y - a blade talisman
Wands
 a - a wand of light (8)
 h - a wand of paralysis (13)
Scrolls
 e - 5 scrolls of enchant armour
 f - 3 scrolls of revelation
 g - 5 scrolls of fear
 j - a scroll of brand weapon
 q - 5 scrolls of amnesia
 r - 6 scrolls of poison
 t - 2 scrolls of identify
 z - a scroll of noise
 A - 2 scrolls of immolation
 D - a scroll of enchant weapon
 E - 2 scrolls of fog
 O - 2 scrolls of blinking
 R - a scroll of vulnerability
 Y - a scroll of teleportation
Potions
 b - 6 potions of lignification
 d - 2 potions of attraction
 i - 6 potions of curing
 k - 2 potions of magic
 l - 3 potions of brilliance
 m - a potion of might
 n - a potion of invisibility
 s - 4 potions of heal wounds
 u - a potion of enlightenment
 v - a potion of degeneration
 w - 2 potions of mutation
 F - 3 potions of resistance
 G - a potion of haste
 P - a potion of cancellation
 Z - a potion of berserk rage
Miscellaneous
 V - a box of beasts
 W - a phial of floods
 X - a tin of tremorstones (2/2)


   Skills:
 + Level 4.8 Fighting
 + Level 2.0 Throwing
 + Level 3.1 Armour
 + Level 7.6 Dodging
 + Level 0.3 Stealth
 + Level 3.3 Shields
 + Level 17.2 Unarmed Combat
 + Level 7.4 Invocations
 * Level 10.7 Shapeshifting


You had 13 spell levels left.
You didn't know any spells.
Your spell library contained the following spells:

 Spells                   Type           Power      Damage    Failure   Level
 Sandblast                Erth           0%         2d4       96%         1
 Ensorcelled Hibernation  Hex/Ice        0%         N/A       98%         2
 Lesser Beckoning         Tloc           0%         N/A       98%         2
 Passwall                 Tmut/Erth      0%         N/A       98%         2
 Frozen Ramparts          Ice            0%         1d1       99%         3
 Gell's Gravitas          Tloc           0%         N/A       99%         3
 Portal Projectile        Hex/Tloc       0%         N/A       99%         3
 Stone Arrow              Conj/Erth      0%         3d7       99%         3
 Teleport Other           Tloc           0%         N/A       99%         3
 Tukima's Dance           Hex            0%         N/A       99%         3
 Anguish                  Hex/Necr       0%         N/A       100%        4
 Animate Armour           Summ/Erth      0%         N/A       100%        4
 Iskenderun's Mystic Bla  Conj/Tloc      0%         2d3       100%        4
 Petrify                  Tmut/Erth      0%         N/A       100%        4
 Summon Lightning Spire   Summ/Air       0%         N/A       100%        4
 Lee's Rapid Deconstruct  Erth           0%         3d4*      100%        5
 Metabolic Englaciation   Hex/Ice        0%         N/A       100%        5


Dungeon Overview and Level Annotations

Branches:
Dungeon (10/15)            Temple (1/1) D:6            Lair (5/5) D:10
 Shoals (0/4) Lair:2        Snake (0/4) Lair:2        Sewer (visited)
Gauntlet (visited)
  Slime: Lair:4-5       Orc: D:9-12

Altars:
Ashenzari
Cheibriados
Dithmenos
Elyvilon
Fedhas
Gozag
Hepliaklqana
Kikubaaqudgha
Makhleb
Nemelex Xobeh
Okawaru
Qazlal
Ru
Sif Muna
Trog
Uskayaw
Vehumet
Wu Jian
Xom
Yredelemnul
Zin
The Shining One

Shops:
D:3 :   D:7 !!!


Innate Abilities, Weirdness & Mutations

You are an enormous anaconda.
You have a powerful constriction melee attack.
You are amphibious.
Your maximum health is increased.
Your spellcasting is less reliable in this form.
Your armour is entirely melded.
You are incapable of wielding weapons or throwing items.
You are too large for most types of armour.
((You have claws for hands.))
Your natural rate of healing is unusually fast.
((You are covered in fur. (AC +1)))
((You have tough skin. (AC +1)))


Message History

You lash the spriggan! Your grab misses the spriggan.
The spriggan is severely wounded.
You feel sick.
The spriggan rider completely misses you.
You body-slam the spriggan!!
You kill the spriggan!
You feel sick.
A spriggan rider comes into view. It is wielding a +0 spear.
The spriggan rider shouts!
You crush the cane toad!!!
You kill the cane toad!
The spriggan rider misses you.
You feel sick.
The spriggan rider hits you with a +0 spear!
You block the spriggan rider's attack.
Things that are here:
a +0 dagger; a +0 robe of willpower; a cane toad corpse The spriggan rider blocks your attack.
You grab the spriggan rider. You constrict the spriggan rider.
You feel sick.
You are no longer poisoned.
The spriggan rider completely misses you.
The spriggan rider barely misses you.
You body-slam the spriggan rider!!
The spriggan rider is moderately wounded.
You constrict the spriggan rider. The spriggan rider barely misses you.
You hit the spriggan rider.
The spriggan rider is heavily wounded.
You constrict the spriggan rider.
The spriggan rider hits you with a +0 spear!!
You hit the spriggan rider but do no damage.
The spriggan rider is heavily wounded.
You constrict the spriggan rider.
The spriggan rider hits you with a +0 spear!!
* * * LOW HITPOINT WARNING * * *
The spriggan rider closely misses you.
You release your grip on the spriggan rider.
The spriggan rider hits you from afar with a +0 spear!!
* * * LOW HITPOINT WARNING * * *
The spriggan rider hits you from afar with a +0 spear!
You die...

(#### .♣ ♣.....
....## ..P ....
.....##..#♣ ♣..♣
..........♣ ♣!.♣♣
..........♣ ♣..)♣
<.....<...♣
♣h..♣♣♣
..†.......♣
♣ii...♣
.........##♣
♣)♣♣♣..♣
..........#.♣ ♣♣S♣
♣.♣
.............♣♣†.♣
..♣
................♣♣
.♣
..........###...♣
♣
...†.......#...♣♣
...........###.♣
............#..♣
./.......(.....♣
..............♣♣


You could see 2 spriggan riders and a polar bear.

Vanquished Creatures
  A cacodemon (Gauntlet)
  A minotaur (Gauntlet)
  An ogre mage (D:9)
  2 hydras (Lair:5)
  A centaur warrior (D:9)
  9 two-headed ogres
  8 death yaks
  A demonic crawler (Lair:4)
  A sun demon (D:10)
  A necromancer (Lair:3)
  The ghost of LionelHutz the Trooper, a novice HuCA of Ignis (D:7)
  A manticore (D:7)
  An oklob plant (Gauntlet)
  23 elephants
  2 black mambas
  2 torpor snails (Lair:4)
  11 cane toads
  A smoke demon (D:10)
  A minotaur zombie (Gauntlet)
  2 orange demons (D:10)
  A rime drake (Lair:2)
  7 komodo dragons
  An ice devil (D:9)
  A kobold demonologist (D:10)
  A red devil (D:10)
  A hellwing (D:10)
  A troll (D:9)
  A hornet (D:9)
  3 polar bears
  8 blink frogs (Lair:3)
  5 dream sheep (Lair:5)
  A vampire (D:9)
  4 wyverns
  35 yaks
  2 spriggans (Lair:5)
  3 wraiths (D:10)
  4 steam dragons
  4 basilisks
  3 neqoxecs
  3 chaos spawn (D:10)
  A two-headed ogre zombie (D:9)
  4 swamp worms
  2 acid dragons
  7 water moccasins
  3 orc warriors
  3 black bears
  A sky beast (D:7)
  15 ogres
  A boggart (Lair:5)
  5 centaurs
  29 wolves
  5 kobold brigands
  Blork the orc (D:5)
  15 bullfrogs
  3 gnoll sergeants
  A scorpion (D:6)
  4 wights (D:9)
  2 killer bees
  An electric eel (D:9)
  5 howler monkeys
  5 quasits (D:10)
  4 hounds
  3 jellies
  A gnoll bouda (D:10)
  9 orc priests
  5 iguanas
  8 orc wizards
  2 sleepcaps
  2 polar bear simulacra (Lair:3)
  3 wolf simulacra (Lair:3)
  2 yak simulacra (Lair:3)
  11 gnolls
  2 river rats (Sewer)
  6 adders
  2 white imps
  2 worms
  2 dart slugs
  28 orcs
  3 ball pythons (D:2)
  6 bats
  11 endoplasms
  6 giant cockroaches
  8 goblins
  5 hobgoblins
  A jackal (Sewer)
  9 quokkas
  3 frilled lizards
  14 kobolds
  13 rats
  4 river rat simulacra (Lair:3)
448 creatures vanquished.

Notes
Turn   | Place    | Note
-------+----------+-------------------------------------------
     0 | D:1      | Dawnplanks the Troll Shapeshifter began the quest for the
                  | Orb.
     0 | D:1      | Reached XP level 1. HP: 19/19 MP: 0/0
   261 | D:1      | Reached XP level 2. HP: 27/28 MP: 1/1
   833 | D:2      | Reached XP level 3. HP: 33/35 MP: 2/2
  1145 | D:2      | Reached XP level 4. HP: 42/42 MP: 3/3
  1172 | D:2      | Reached skill level 3 in Unarmed Combat
  1449 | D:3      | Found Echugg's Book Emporium.
  1725 | D:3      | Reached XP level 5. HP: 49/49 MP: 4/4
  1800 | D:3      | Found a shadowy altar of Dithmenos.
  2403 | D:4      | Found a glowing silver altar of Zin.
  2403 | D:4      | Found a burning altar of Makhleb.
  2408 | D:4      | Noticed a blizzard demon
  2408 | D:4      | Noticed an angel
  2586 | D:4      | Reached skill level 4 in Unarmed Combat
  2858 | D:5      | Entered Level 5 of the Dungeon
  2876 | D:5      | Noticed a water moccasin
  2882 | D:5      | Killed a water moccasin
  2883 | D:5      | Reached XP level 6. HP: 57/57 MP: 5/5
  2986 | D:5      | Reached skill level 5 in Unarmed Combat
  3216 | D:5      | Found a glowing drain.
  3233 | Sewer    | Entered a sewer
  3309 | Sewer    | Reached XP level 7. HP: 39/63 MP: 6/6
  3351 | Sewer    | Found a white marble altar of Elyvilon.
  3355 | Sewer    | Became a worshipper of Elyvilon the Healer
  3418 | D:5      | Found a basalt altar of Yredelemnul.
  3451 | D:5      | Found a blossoming altar of Fedhas.
  3726 | D:5      | Noticed Blork the orc
  3760 | D:5      | Reached skill level 6 in Unarmed Combat
  3932 | D:5      | Killed Blork the orc
  3933 | D:5      | Reached skill level 5 in Shapeshifting
  3954 | D:5      | Found a shimmering blue altar of Sif Muna.
  4070 | D:6      | Reached skill level 7 in Unarmed Combat
  4070 | D:6      | Reached XP level 8. HP: 58/72 MP: 7/7
  4070 | D:6      | Reached * piety under Elyvilon
  4155 | D:6      | Found a staircase to the Ecumenical Temple.
  4165 | Temple   | Entered the Ecumenical Temple
  4416 | D:6      | Reached skill level 8 in Unarmed Combat
  4526 | D:7      | Found Usedoir's Distillery.
  4529 | D:7      | Bought a potion of invisibility for 88 gold pieces
  4529 | D:7      | Bought a potion of berserk rage for 55 gold pieces
  4627 | D:7      | Noticed a manticore
  4642 | D:7      | Killed a manticore
  4643 | D:7      | Reached skill level 9 in Unarmed Combat
  4643 | D:7      | Reached XP level 9. HP: 57/80 MP: 8/8
  4683 | D:7      | Found a runed translucent door.
  4785 | D:7      | Found Ynlacker's Distillery.
  4842 | D:7      | Found a snail-covered altar of Cheibriados.
  4911 | D:7      | Found Liurahad's Distillery.
  4929 | D:7      | Reached ** piety under Elyvilon
  4977 | D:7      | Noticed a two-headed ogre
  4983 | D:7      | Killed a two-headed ogre
  4984 | D:7      | Reached skill level 10 in Unarmed Combat
  5073 | D:7      | Noticed LionelHutz's ghost (novice HuCA)
  5083 | D:7      | Killed LionelHutz's ghost
  5454 | D:8      | Reached skill level 11 in Unarmed Combat
  5511 | D:8      | Reached XP level 10. HP: 91/91 MP: 9/9
  5936 | D:8      | Reached *** piety under Elyvilon
  6243 | D:9      | Noticed a centaur warrior
  6247 | D:9      | Killed a centaur warrior
  6248 | D:9      | Reached skill level 12 in Unarmed Combat
  6248 | D:9      | Reached skill level 1 in Invocations
  6251 | D:9      | Reached skill level 5 in Dodging
  6490 | D:9      | Noticed a two-headed ogre
  6490 | D:9      | Noticed a two-headed ogre
  6491 | D:9      | Noticed a two-headed ogre
  6500 | D:9      | Killed a two-headed ogre
  6507 | D:9      | Killed a two-headed ogre
  6508 | D:9      | Reached skill level 1 in Throwing
  6508 | D:9      | Reached XP level 11. HP: 95/97 MP: 10/12
  6513 | D:9      | Killed a two-headed ogre
  6514 | D:9      | Reached skill level 13 in Unarmed Combat
  6615 | D:9      | Noticed a two-headed ogre
  6615 | D:9      | Noticed a two-headed ogre
  6617 | D:9      | Noticed an ogre mage
  6617 | D:9      | Noticed a two-headed ogre
  6626 | D:9      | Killed a two-headed ogre
  6631 | D:9      | Killed a two-headed ogre
  6635 | D:9      | Killed a two-headed ogre
  6642 | D:9      | Killed an ogre mage
  6674 | D:9      | Identified the staff of Charred Responsibility {*Corrode
                  | rN+ Str+6 Dex+3 Necro}
  7176 | D:7      | Bought a potion of haste for 120 gold pieces
  7176 | D:7      | Bought a potion of invisibility for 96 gold pieces
  7176 | D:7      | Bought a potion of might for 48 gold pieces
  7188 | D:7      | Bought a potion of haste for 110 gold pieces
  7188 | D:7      | Bought a potion of might for 44 gold pieces
  7223 | D:10     | Entered Level 10 of the Dungeon
  7387 | D:10     | Reached skill level 14 in Unarmed Combat
  7391 | D:10     | Noticed a death yak
  7392 | D:10     | Noticed a death yak
  7393 | D:10     | Noticed a death yak
  7396 | D:10     | Noticed a death yak
  7400 | D:10     | Noticed a death yak
  7402 | D:10     | Killed a death yak
  7408 | D:10     | Noticed a sun demon
  7418 | D:10     | Killed a death yak
  7423 | D:10     | Killed a death yak
  7424 | D:10     | Reached XP level 12. HP: 41/107 MP: 7/14
  7424 | D:10     | HP: 5/107 [sun demon (13)]
  7430 | D:10     | HP: 2/107 [death yak (18)]
  7435 | D:10     | Found a staircase to the Lair.
  7454 | D:10     | Reached skill level 5 in Invocations
  7613 | D:10     | Killed a death yak
  7620 | D:10     | Killed a death yak
  7961 | D:10     | Noticed a two-headed ogre
  7967 | D:10     | Killed a two-headed ogre
  8027 | D:10     | Noticed a two-headed ogre
  8030 | D:10     | Reached skill level 15 in Unarmed Combat
  8036 | D:10     | Killed a two-headed ogre
  8265 | Lair:1   | Entered Level 1 of the Lair of Beasts
  8762 | Lair:1   | Reached **** piety under Elyvilon
  8780 | Lair:1   | Reached skill level 1 in Armour
  9036 | Lair:2   | Reached skill level 1 in Shields
  9041 | Lair:2   | HP: 4/109 [elephant (13)]
  9041 | Lair:2   | Elyvilon protects you from harm!
  9044 | Lair:2   | Reached XP level 13. HP: 26/115 MP: 13/16
  9196 | Lair:2   | Found a staircase to the Snake Pit.
  9648 | Lair:2   | Found a staircase to the Shoals.
  9788 | Lair:3   | Reached skill level 16 in Unarmed Combat
  9879 | Lair:3   | Found a gate leading to a gauntlet.
  9892 | Gauntlet | Entered a Gauntlet
  9892 | Gauntlet | Found a runed translucent door.
  9892 | Gauntlet | Found a transporter.
  9892 | Gauntlet | Found a runed translucent door.
  9900 | Gauntlet | Found a transporter.
  9902 | Gauntlet | Found a transporter.
  9913 | Gauntlet | Found a transporter.
  9916 | Gauntlet | Found a transporter.
  9918 | Gauntlet | Noticed a dire elephant
  9925 | Gauntlet | Found a transporter.
  9938 | Gauntlet | Found a runed translucent door.
  9942 | Gauntlet | Found a transporter.
  9951 | Gauntlet | Found the +7 great mace "Firestarter" {flame, immolate,
                  | rFlCloud rF++}
  9952 | Gauntlet | Found a transporter.
  9955 | Gauntlet | Noticed a cacodemon
  9964 | Gauntlet | Found a transporter.
  9965 | Gauntlet | Found a runed translucent door.
  9965 | Gauntlet | Found a runed translucent door.
  9979 | Gauntlet | Found a transporter.
  9992 | Gauntlet | Found a transporter.
 10032 | Gauntlet | Found a transporter.
 10046 | Gauntlet | Found a transporter.
 10183 | Gauntlet | Found a transporter.
 10204 | Gauntlet | Identified the +1 cloak of Ashenzari {rElec SInv}
 10243 | Gauntlet | Killed a cacodemon
 10285 | Gauntlet | Identified the amulet "Jonen" {Reflect +Inv rN+ Dex-4 SH+5}
 10306 | Gauntlet | Noticed a minotaur
 10320 | Gauntlet | Killed a minotaur
 10628 | Lair:3   | Identified a scroll of acquirement
 10629 | Lair:3   | Acquired 709 gold pieces
 10778 | Lair:3   | Reached ***** piety under Elyvilon
 11680 | Lair:4   | Reached skill level 10 in Shapeshifting
 11851 | Lair:4   | Reached XP level 14. HP: 124/124 MP: 18/18
 12456 | Lair:5   | Entered Level 5 of the Lair of Beasts
 12471 | Lair:5   | Reached skill level 17 in Unarmed Combat
 12627 | Lair:5   | HP: 6/148 [spriggan rider/+0 spear (18)]
 12627 | Lair:5   | Mangled by a spriggan rider

Illustrated notes

Levels and vault maps discovered:
D:1:      shiori_arrival_elements, layout_loops_ring, chequers_big_river
D:2:      layout_basic
D:3:      layout_basic, grunt_dithmenos_smoke_and_mirrors, serial_shops, shop
D:4:      layout_basic, grunt_temple_overflow_order_and_chaos_2
D:5:      layout_basic, mainiacjoe_overflow_catch_the_wave, tgw_sif,
          portal_sewer_entry_f
D:6:      layout_rooms, minmay_temple_entry_proselytizer,
          corexii_item_surrounded_by_moat, uniq_blork_the_orc
D:7:      layout_gridville, kennysheep_slug_shrine,
          ebering_ghost_reflecting_pool, serial_shops,
          nicolae_shop_industrial_runoff, nicolae_stop_n_shop_2,
          nicolae_stop_n_shop_2, nrook_mini_backslash, minmay_diced_spiral
D:8:      layout_basic, serial_co_window_serial, co_window_paths_a,
          co_window_paths_a, co_window_of_opportunity_a, co_window_corner_a,
          co_window_corner_a, co_window_paths_b, co_window_corner_a,
          co_window_of_opportunity_b, co_window_broadway_b, co_window_corner_b,
          co_window_of_opportunity_b, co_window_of_opportunity_b,
          co_window_4corner_b, co_window_paths_e, glass_columns_a,
          glass_columns_b, glass_columns_b, glass_columns_a, feat_on_display
D:9:      lemuel_ogre_cave, layout_basic, minmay_fractal_squares_diagonal_5
D:10:     layout_cave_pools, dpeg_lair_monsters, serial_demonic,
          serial_demonic_g, serial_demonic_g, serial_demonic_e,
          serial_demonic_c, serial_demonic_g, serial_demonic_g,
          serial_demonic_f, serial_demonic_c, serial_demonic_b,
          serial_demonic_a, minmay_joined_circles
Temple:   hellmonk_temple_two_chambers
Lair:1:   layout_big_grid
Lair:2:   layout_cave_shapes, shoals_dummy_entry, dummy_snake_entry,
          serial_bayou_shore_a
Lair:3:   layout_layer_cave, gauntlet_entry_generic, nicolae_lair_lil_pond,
          eino_house_with_fridge
Lair:4:   layout_big_grid, worms_lemuel
Lair:5:   minmay_lair_end_enchanted_forest, layout_cave_shapes, slime_entry_1,
          grunt_megastairs_1

Skill      XL: |  1  2  3  4  5  6  7  8  9 10 11 12 13 14 |
---------------+-------------------------------------------+-----
Unarmed Combat | 3 4 5 7 9 11 12 14 15 16 17 | 17.2
Dodging        | 2 3 4 5 6 7 |  7.6
Shapeshifting  | 4 5 6 7 8 9 10 | 10.7
Fighting       | 2 3 4 |  4.8
Invocations    | 2 4 6 7 |  7.4
Throwing       | 1 2 |  2.0
Armour         | 1 3 |  3.1
Shields        | 1 3 |  3.3
Stealth        | |  0.3

Action                     |  1- 3 |  4- 6 |  7- 9 | 10-12 | 13-15 || total
---------------------------+-------+-------+-------+-------+-------++-------
  Melee: Unarmed           |    72 |   119 |   160 |   382 |   394 ||  1127
         Punch             |       |     4 |     3 |    26 |       ||    33
         Constrict         |       |       |       |       |    54 ||    54
  Throw: Javelin           |       |       |       |    10 |       ||    10
         Dart              |       |       |       |     1 |       ||     1
 Invoke: Heal Self         |       |       |       |     7 |     4 ||    11
         Purification      |       |       |       |     2 |     1 ||     3
  Evoke: Wand              |       |       |     2 |       |       ||     2
    Use: Potion            |       |       |     2 |    12 |     1 ||    15
         Scroll            |       |       |    12 |     8 |     7 ||    27
   Stab: Invisible         |       |       |     1 |     3 |       ||     4
 Armour: Animal skin       |    17 |    18 |     1 |       |       ||    36
         Robe              |       |       |    28 |    37 |       ||    65
         Acid dragon scale |       |       |       |    22 |    26 ||    48
         Skin              |       |       |       |       |    54 ||    54
  Dodge: Dodged            |    25 |    74 |   124 |   298 |   299 ||   820
  Block: Kite shield       |       |       |       |    30 |    68 ||    98
         Other             |       |       |       |       |    48 ||    48
         Reflection        |       |       |       |       |     1 ||     1
   Form: Blade             |       |       |     1 |     1 |       ||     2
                           |       |       |     1 |       |       ||     1
         Beast             |       |       |       |     2 |       ||     2
         Anaconda          |       |       |       |       |     1 ||     1

Table legend: (Time is in decaauts)
 A = Elapsed time spent in this place.
 B = Non-inter-level travel time spent in this place.
 C = Inter-level travel time spent in this place.
 D = Time resting spent in this place.
 E = Time spent auto-exploring this place.
 F = Levels seen in this place.
 G = Mean time per level.
                   A        B        C        D        E       F      G
               +--------+--------+--------+--------+--------+-----+--------+
         Total |  12436 |  11673 |    763 |    255 |   8896 |  18 |  690.9 |
       Dungeon |   8004 |   7408 |    596 |    100 |   5850 |  10 |  800.4 |
        Temple |     17 |     13 |      4 |      0 |     10 |   1 |   17.0 |
          Lair |   3706 |   3544 |    162 |    151 |   2555 |   5 |  741.2 |
         Sewer |    164 |    164 |      0 |      0 |    110 |   1 |  164.0 |
      Gauntlet |    543 |    543 |      0 |      4 |    371 |   1 |  543.0 |
               +--------+--------+--------+--------+--------+-----+--------+

Top non-repeatable levels by time:
  Lair:3: 1197 daAuts
     D:9: 1126 daAuts
     D:8: 1007 daAuts
     D:5: 987 daAuts
  Lair:4: 926 daAuts
    D:10: 887 daAuts
     D:3: 829 daAuts
     D:4: 754 daAuts
  Lair:1: 726 daAuts
  Lair:2: 702 daAuts
     D:1: 696 daAuts
     D:7: 660 daAuts
     D:2: 569 daAuts
Gauntlet: 543 daAuts
     D:6: 485 daAuts
